 Dungeon Crawl Stone Soup version 0.16.1-11-g651b585 (webtiles) character file.

6766 faffakek the Cleaver (level 10, -1/142 HPs)
             Began as a Minotaur Berserker on Apr 7, 2015.
             Was a High Priest of Trog.
             Slain by an eight-headed hydra (9 damage)
             ... on level 1 of the Lair of Beasts.
             The game lasted 00:58:41 (7983 turns).

faffakek the Cleaver (Minotaur Berserker)           Turns: 7983, Time: 00:58:42

Health: -1/142     AC: 16    Str: 28    XL:     10   Next: 76%
Magic:  4/4        EV:  9    Int:  4    God:    Trog [*****.]
Gold:   224        SH:  0    Dex: 10    Spells: 0 memorised, 9 levels left

rFire  . . .     SeeInvis +     c - +6 great mace (holy)
rCold  . . .     Clarity  .     g - +0 plate armour
rNeg   . . .     SustAb   .     (no shield)
rPois  +         Gourm    .     (helmet restricted)
rElec  .         Spirit   .     h - +0 cloak
rCorr  .         Warding  .     (no gloves)
rMut   .         Stasis   .     (no boots)
MR     .....                    (no amulet)
Stlth  ..........               z - ring of poison resistance
                                i - ring of see invisible

@: berserking, very quick, not resistant to hostile enchantments, extremely
unstealthy
A: retaliatory headbutt, horns 2, clumsy 1, screaming 1, evolution 1
a: Burn Spellbooks, Berserk, Trog's Hand, Brothers in Arms, Renounce Religion


You were on level 1 of the Lair of Beasts.
You worshipped Trog.
Trog was extremely pleased with you.
You were not hungry.

You visited 2 branches of the dungeon, and saw 10 of its levels.

You collected 444 gold pieces.
You spent 220 gold pieces at shops.

Inventory:

Hand weapons
 a - a +0 broad axe
 b - a +1 longbow of flaming
 c - a +6 great mace of holy wrath (weapon)
 d - a +2 flail of crushing
 v - a +2 morningstar of holy wrath
Missiles
 e - 100 arrows
 j - a steel tomahawk (quivered)
 k - 26 poisoned arrows
Armour
 g - a +0 plate armour (worn)
 h - a +0 cloak (worn)
 r - the +4 ring mail of the Known World {Str+2}
   (You found it on level 4 of the Dungeon)

   It affects your strength (+2).
Jewellery
 i - a ring of see invisible (left hand)
 z - a ring of poison resistance (right hand)
Magical devices
 s - a wand of fire (4)
 u - a wand of lightning (7)
Scrolls
 n - 6 scrolls of remove curse
 o - 7 scrolls of identify
 q - 3 scrolls of recharging
 y - a scroll of enchant armour
 A - a scroll of fear
 D - a scroll of teleportation
Potions
 t - a potion of heal wounds
 x - a potion of haste
 B - 2 potions of curing
 C - a potion of cure mutation
Comestibles
 f - 5 meat rations
 l - 4 beef jerkies
 m - 8 slices of pizza
 p - a royal jelly
 w - 6 bread rations


   Skills:
 * Level 11.0 Fighting
 * Level 11.5(12.1) Axes
 + Level 6.6(10.0) Maces & Flails
 + Level 6.9 Bows
 + Level 1.7 Throwing
 * Level 10.2 Armour
 + Level 4.1 Dodging


You had 9 spell levels left.
You didn't know any spells.

Dungeon Overview and Level Annotations

Branches:
Dungeon (9/15)             Temple (0/1) D:5            Lair (1/8) D:8
    Orc: D:9-12

Altars:
Cheibriados
Elyvilon
Kikubaaqudgha
Nemelex Xobeh
Ru
Sif Muna
Trog
Vehumet
The Shining One

Shops:
D:5 (   D:7 =   D:8 [[


Innate Abilities, Weirdness & Mutations

You reflexively headbutt those who attack you in melee.
You have a pair of horns on your head.
You are clumsy. (Dex -2)
You occasionally shout uncontrollably at your foes.
You evolve.


Message History

The eight-headed hydra bites you but does no damage. x3
The eight-headed hydra bites you!
* * * LOW HITPOINT WARNING * * *
Use which ability? (? or * to list)
A red film seems to cover your vision as you go berserk!
You feel yourself moving faster!
You feel mighty!
You feel somewhat more hungry.
The quokka bites you but does no damage.
The eight-headed hydra bites you!
* * * LOW HITPOINT WARNING * * *
The eight-headed hydra bites you but does no damage.
The eight-headed hydra barely misses you.
The eight-headed hydra bites you!
* * * LOW HITPOINT WARNING * * *
The eight-headed hydra bites you.
* * * LOW HITPOINT WARNING * * *
The eight-headed hydra barely misses you.
The eight-headed hydra bites you but does no damage.
The eight-headed hydra bites you!
You die...

..................###
#.......#.P.#......#
#......#...........#
#...........#......#
##..?...#....+.......+
.#.......+....P.......#
..........#..(........##
#...........#......#
#...r@D#....#......#
...........###+#.......
..#....?..... ......
...............
##.............
..#####.(.... # ##....
#.#


You could see an eight-headed hydra and a quokka.

Vanquished Creatures
  An elephant (D:8)
  A spiny frog (Lair:1)
  A basilisk (Lair:1)
  A yak (D:7)
  3 hippogriffs
  A human (D:7)
  Edmund (D:4)
  3 water moccasins
  2 phantoms
  2 ice beasts
  A black bear (D:7)
  3 orc warriors
  A necrophage (D:8)
  7 ogres
  A crocodile (D:8)
  A big kobold (D:9)
  3 centaurs
  2 giant frogs
  3 scorpions
  5 wights (D:9)
  5 crimson imps
  3 goliath beetles (D:8)
  A wasp zombie (D:6)
  A centaur zombie (D:8)
  9 jellies
  A giant frog zombie (D:5)
  A giant frog skeleton (D:8)
  5 hounds
  5 iguanas
  5 orc priests
  A centaur skeleton (D:7)
  9 orc wizards
  6 worker ants
  11 sheep
  A hound zombie (D:5)
  A hound skeleton (D:5)
  11 adders
  3 worms
  An adder skeleton (D:9)
  6 giant geckos
  2 oozes
  38 orcs
  A ball python (D:1)
  13 bats
  A bat zombie (D:6)
  3 giant cockroaches
  15 hobgoblins
  11 jackals
  2 quokkas
  12 giant newts
  11 goblins
  16 kobolds
  13 rats
  4 ballistomycetes
271 creatures vanquished.

Vanquished Creatures (others)
  An orc (D:7)
  2 giant spores
3 creatures vanquished.

Grand Total: 274 creatures vanquished

Notes
Turn   | Place    | Note
--------------------------------------------------------------
     0 | D:1      | faffakek, the Minotaur Berserker, began the quest for the Orb.
     0 | D:1      | Reached XP level 1. HP: 19/19 MP: 1/1
   187 | D:1      | Reached skill level 4 in Fighting
   220 | D:1      | Reached XP level 2. HP: 21/27 MP: 1/1
   382 | D:1      | Acquired Trog's second power
   629 | D:1      | Reached XP level 3. HP: 31/34 MP: 2/2
  1093 | D:2      | Found a sparkling altar of Nemelex Xobeh.
  1135 | D:2      | Found a sacrificial altar of Ru.
  1313 | D:2      | Reached XP level 4. HP: 34/41 MP: 2/2
  1463 | D:3      | Reached skill level 5 in Fighting
  1612 | D:3      | Found a radiant altar of Vehumet.
  1620 | D:3      | Reached XP level 5. HP: 43/48 MP: 2/2
  1985 | D:4      | Acquired Trog's third power
  2086 | D:4      | Reached skill level 5 in Axes
  2093 | D:4      | Reached XP level 6. HP: 26/56 MP: 3/3
  2349 | D:4      | Noticed a centaur
  2356 | D:4      | Killed a centaur
  2356 | D:4      | Reached skill level 1 in Throwing
  2356 | D:4      | Reached skill level 5 in Armour
  2384 | D:4      | Found a deep blue altar of Sif Muna.
  2748 | D:4      | Got a brightly glowing ring mail
  2749 | D:4      | Identified the +4 ring mail of the Known World {Str+2} (You found it on level 4 of the Dungeon)
  2814 | D:4      | Noticed Edmund
  2827 | D:4      | Killed Edmund
  2827 | D:4      | Reached XP level 7. HP: 23/61 MP: 3/3
  3064 | D:4      | Reached skill level 8 in Fighting
  3064 | D:4      | Reached skill level 9 in Axes
  3064 | D:4      | Reached XP level 8. HP: 68/77 MP: 3/3
  3332 | D:5      | Entered Level 5 of the Dungeon
  3380 | D:5      | Found Veodeon's Antique Weapon Boutique.
  3890 | D:5      | Found a staircase to the Ecumenical Temple.
  4522 | D:6      | Received a gift from Trog
  4769 | D:6      | You fall through a shaft for 3 floors!
  4778 | D:9      | Reached XP level 9. HP: 55/83 MP: 4/4
  4918 | D:9      | Reached skill level 10 in Axes
  4923 | D:9      | Received a gift from Trog
  5089 | D:8      | Gained mutation: You are clumsy. (Dex -2) [potion of mutation]
  5089 | D:8      | Gained mutation: You evolve. [potion of mutation]
  5089 | D:8      | Gained mutation: You occasionally shout uncontrollably at your foes. [potion of mutation]
  5098 | D:8      | Found a staircase to the Lair.
  5098 | D:8      | Noticed an elephant
  5117 | D:8      | Killed an elephant
  5516 | D:8      | Reached skill level 10 in Fighting
  5545 | D:8      | Found Askumm's Armour Shoppe.
  5709 | D:8      | Found Miawingy's Antique Armour Shoppe.
  5867 | D:7      | Reached XP level 10. HP: 90/93 MP: 4/4
  5888 | D:7      | Received a gift from Trog
  6207 | D:7      | Found a white marble altar of Elyvilon.
  6285 | D:7      | Received a gift from Trog
  6407 | D:7      | Reached skill level 11 in Axes
  6513 | D:7      | Found a bloodstained altar of Trog.
  6623 | D:7      | Found Rafany's Jewellery Emporium.
  6683 | D:7      | Bought an uncursed ring of poison resistance for 220 gold pieces
  6954 | D:6      | Found an ancient bone altar of Kikubaaqudgha.
  7047 | D:6      | Found a glowing golden altar of the Shining One.
  7295 | D:6      | Found a snail-covered altar of Cheibriados.
  7621 | D:8      | Reached skill level 10 in Armour
  7790 | D:8      | Received a gift from Trog
  7823 | Lair:1   | Entered Level 1 of the Lair of Beasts
  7974 | Lair:1   | Noticed an eight-headed hydra
  7983 | Lair:1   | Slain by an eight-headed hydra

Action                   |  1- 3 |  4- 6 |  7- 9 | 10-12 || total
-------------------------+-------+-------+-------+-------++-------
Melee: Hand axe          |    82 |   101 |       |       ||   183
       Broad axe         |       |     6 |   200 |   146 ||   352
       Shortbow          |       |     4 |       |       ||     4
       Morningstar       |       |       |       |    62 ||    62
       Great mace        |       |       |       |     4 ||     4
 Fire: Shortbow          |       |    21 |    24 |       ||    45
       Longbow           |       |       |    18 |    21 ||    39
Throw: Tomahawk          |       |    12 |     8 |       ||    20
Invok: Trog's Hand       |       |     1 |       |     1 ||     2
       Berserk           |       |     2 |     2 |     2 ||     6
       Burn Spellbooks   |       |       |       |     1 ||     1
  Use: Scroll            |     7 |     4 |     2 |     3 ||    16
       Potion            |     2 |     2 |     7 |     3 ||    14
  Eat: Royal jelly       |     1 |     1 |     1 |       ||     3
       Bread ration      |       |     1 |       |     1 ||     2
       Fruit             |       |       |     3 |     3 ||     6
       Beef jerky        |       |       |     1 |     1 ||     2
       Meat ration       |       |       |     2 |       ||     2
